 Dungeon Crawl Stone Soup version 0.13.0-18-g7b03ea5 (webtiles) character file.

268 4tharraofdagon the Chopper (level 5, -13/79 HPs)
             Began as a Troll Berserker on Oct 22, 2013.
             Was a Follower of Trog.
             Mangled by a crocodile skeleton (15 damage)
             ... on Level 6 of the Dungeon.
             The game lasted 00:01:27 (381 turns).

4tharraofdagon the Chopper (Troll Berserker)         Turns: 381, Time: 00:01:27

HP -13/79        AC  5     Str 31      XL: 5   Next: 86%
MP   1/1         EV 10     Int  3      God: Trog [*.....]
Gold 20          SH  0     Dex  9      Spells:  0 memorised,  4 levels left

Res.Fire  : . . .   See Invis. : .   (no weapon)
Res.Cold  : . . .   Warding    : .   b - +0 animal skin (curse)
Life Prot.: . . .   Conserve   : .   (shield restricted)
Res.Poison: .       Res.Corr.  : .   (helmet restricted)
Res.Elec. : .       Clarity    : .   (no cloak)
Sust.Abil.: . .     Spirit.Shd : .   (gloves unavailable)
Res.Mut.  : .       Stasis     : .   (boots unavailable)
Res.Rott. : .       Flight     : .   (no amulet)
Gourmand  : +                        (no ring)
                                     (no ring)

@: berserking, very quick, slightly resistant to hostile enchantments, extremely
unstealthy
A: unfitting armour, claws 3, fast metabolism 3, gourmand, regeneration 2,
saprovore 2, tough skin 2, AC +1
a: Burn Spellbooks, Berserk, Renounce Religion


You were on level 6 of the Dungeon.
You worshipped Trog.
Trog was aware of your devotion.
You were not hungry.

You visited 1 branch of the dungeon, and saw 6 of its levels.

Inventory:

Hand weapons
 a - a +0,+0 hand axe {=f}
Armour
 b - a cursed +0 animal skin (worn)
Comestibles
 c - 2 meat rations
Scrolls
 f - a scroll of random uselessness {unknown}
 g - a scroll of recharging {unknown}
Potions
 d - 2 potions of agility {unknown}
 h - a potion of beneficial mutation {unknown}
Rods
 e - a -1 rod of inaccuracy (14/14)
   (You found it on level 3 of the Dungeon)


   Skills:
 - Level 2.4 Fighting
 * Level 5.5 Axes
 - Level 2.6 Dodging


You had 4 spell levels left.
You didn't know any spells.

Dungeon Overview and Level Annotations

Branches:
Dungeon (6/27)
 Temple: D:4-7          Orc: D:6-11

Altars:


Innate Abilities, Weirdness & Mutations

You are too large for most types of armour.
You have claws for hands.
Your metabolism is lightning-fast.
You like to eat raw meat.
You heal very quickly.
You can eat rotten meat.
You are covered in fur (AC +1).
You have very tough skin (AC +2).


Message History

Unknown command.
You hit the hound.
The hound begins to bleed from its wounds!
The hound is lightly wounded.
The hound bites you.
* * * LOW HITPOINT WARNING * * *
The crocodile skeleton bites you!
* * * LOW HITPOINT WARNING * * *
You are too injured to fight recklessly!
Use which ability? (? or * to list)
A red film seems to cover your vision as you go berserk!
You feel yourself moving faster!
You feel mighty!
You feel somewhat more hungry.
The hound pauses to sniff the ground.
The hound bites you.
* * * LOW HITPOINT WARNING * * *
You barely miss the hound.
The hound is lightly wounded.
The hound barely misses you. The crocodile skeleton bites you!
You die...

.. #.#######
.##.......
.........#
........$# .#
.......Z..# .#
....z..%@.# ..#
.......h..###..##
.............<.#
#########.....##
#.....# #.....#
.......'.....#
..#####.....#
#.....#


You could see a hound (bleeding), a ball python skeleton and a crocodile
skeleton.

Vanquished Creatures
  Menkaure (D:4)
  A giant frog (D:6)
  A hound (D:4)
  3 adders
  A worm (D:3)
  A hobgoblin (D:4)
  3 jackals (D:1)
  3 kobolds
  2 bats
  A giant newt (D:4)
  2 goblins
  A rat (D:3)
20 creatures vanquished.

Notes
Turn   | Place    | Note
--------------------------------------------------------------
     0 | D:1      | 4tharraofdagon, the Troll Berserker, began the quest for the Orb.
     0 | D:1      | Reached XP level 1. HP: 23/23 MP: 0/0
   133 | D:3      | Reached skill level 3 in Axes
   133 | D:3      | Reached XP level 2. HP: 29/31 MP: 0/0
   140 | D:3      | Reached XP level 3. HP: 35/37 MP: 1/1
   181 | D:3      | Identified a -1 rod of inaccuracy (14/14) (You found it on level 3 of the Dungeon)
   234 | D:4      | Reached skill level 4 in Axes
   236 | D:4      | Reached XP level 4. HP: 41/46 MP: 1/1
   290 | D:4      | Noticed Menkaure
   295 | D:4      | Killed Menkaure
   295 | D:4      | Reached skill level 5 in Axes
   295 | D:4      | Reached XP level 5. HP: 20/53 MP: 1/1
   326 | D:5      | Entered Level 5 of the Dungeon
   380 | D:6      | HP: 2/79 [hound (3)]
   381 | D:6      | Mangled by a crocodile skeleton

Action                   |  1- 3 |  4- 6 || total
-------------------------+-------+-------++-------
Melee: Hand axe          |    23 |       ||    23
       Unarmed           |     8 |    29 ||    37
Invok: Berserk           |     1 |     2 ||     3
